 Dungeon Crawl Stone Soup version 0.26-a0-639-g72c4674329 (webtiles) character file.

Game seed: 3629744985717889562

175 Borgoz the Skirmisher (level 5, -16/47 HPs)
             Began as a Hill Orc Berserker on Sept 19, 2020.
             Was a Believer of Trog.
             Blown up by an orc (26 damage)
             ... with a disintegration bolt
             ... on level 3 of the Dungeon.
             The game lasted 00:04:12 (2557 turns).

Borgoz the Skirmisher (Hill Orc Berserker)          Turns: 2557, Time: 00:04:12

Health: -16/47     AC:  8    Str: 20    XL:     5   Next: 55%
Magic:  5/5        EV: 12    Int:  7    God:    Trog [**....]
Gold:   182        SH:  0    Dex: 11    Spells: 4/4 levels left

rFire    . . .     SeeInvis .   a - +0 mace
rCold    . . .     Faith    .   (no shield)
rNeg     . . .     Spirit   .   e - +0 acid dragon scales
rPois    .         Reflect  .   (no helmet)
rElec    .         Harm     .   (no cloak)
rCorr    +         Rampage  .   i - +0 pair of gloves (curse)
MR       .....                  (no boots)
Stlth    +.........             (no amulet)
HPRegen  0.15/turn              k - ring of flight
MPRegen  0.09/turn              (no ring)

@: berserk cooldown, slowed, very slow
A: no striking features
a: Berserk, Trog's Hand, Renounce Religion, Evoke Flight


You were on level 3 of the Dungeon.
You worshipped Trog.
Trog was pleased with you.
You visited 1 branch of the dungeon, and saw 3 of its levels.

You collected 182 gold pieces.

Inventory:

Hand Weapons
 a - a +0 mace (weapon)
Armour
 c - a +3 scale mail
 e - +0 acid dragon scales (worn)
 i - a cursed +0 pair of gloves (worn)
Jewellery
 k - a ring of flight (left hand)
Scrolls
 d - 2 scrolls of identify {unknown}
 f - a scroll of remove curse {unknown}
 g - a scroll of teleportation {unknown}
 h - 3 scrolls of immolation {unknown}
 j - a scroll of random uselessness {unknown}
 l - 2 scrolls of fear {unknown}
Potions
 b - a potion of curing {unknown}
 m - a potion of mutation {unknown}


   Skills:
 + Level 4.7 Fighting
 + Level 4.3 Maces & Flails
 + Level 3.5 Armour
 + Level 2.6 Dodging


You had 4 spell levels left.
You didn't know any spells.
Your spell library was empty.

Dungeon Overview and Level Annotations

Branches:
Dungeon (3/15)

Altars:
Okawaru


Message History

You feel a strong urge to attack something.
You start resting.
You feel your anger nearly subside.
You are no longer berserk.
You are exhausted.
You feel yourself slow down.
An orc comes into view.
It is wielding a +0 hand axe and carrying a wand of disintegration (18).
An orc is nearby!
An orc is nearby!
The orc shouts!
The orc zaps a wand.
You are blasted!
You see here a gnoll corpse.
You are too injured to fight recklessly!
You are too injured to fight recklessly!
You start resting.
An orc is nearby!
The orc zaps a wand.
You are blasted!
* * * LOW HITPOINT WARNING * * *
The orc zaps a wand.
You are blasted!
Ouch! That really hurt!
You die...

.............................).##
#......>.###.................).##
#........# #...........#####8†.#.
######....##..........## #...#.
##..........#.#..# ##..#P
................# #....
###.##.......#.#.# #..#.
.....#(#.##.#.## #..#.
#....@##....# ##.#♣ .
#..#.###..... #.##
...#..!..#....#. ###
.......o.#....### .......(†)....#
.........)....# ...(........o...
...........#.... ...##....#......


You could see an orc.

Vanquished Creatures
  2 orc wizards (D:3)
  3 gnolls (D:3)
  2 adders (D:2)
  An ooze (D:3)
  2 worms (D:2)
  2 dart slugs (D:2)
  3 leopard geckos
  7 orcs (D:3)
  A ball python (D:2)
  5 giant cockroaches
  3 goblins
  4 hobgoblins
  2 jackals (D:3)
  A quokka (D:2)
  6 bats
  5 frilled lizards
  2 kobolds
  7 rats
58 creatures vanquished.

Notes
Turn   | Place    | Note
-------+----------+-------------------------------------------
     0 | D:1      | Borgoz the Hill Orc Berserker began the quest for the Orb.
     0 | D:1      | Reached XP level 1. HP: 19/19 MP: 1/1
   531 | D:1      | Reached XP level 2. HP: 27/27 MP: 2/2
  1218 | D:2      | Reached XP level 3. HP: 29/33 MP: 3/3
  1921 | D:2      | Reached XP level 4. HP: 40/40 MP: 4/4
  1936 | D:2      | Reached ** piety under Trog
  2109 | D:3      | Reached XP level 5. HP: 30/47 MP: 5/5
  2379 | D:3      | Found an iron altar of Okawaru.
  2514 | D:3      | Found a faded altar of an unknown god.
  2557 | D:3      | Blown up by an orc

Illustrated notes

Levels and vault maps discovered:
D:1:      saegor_arrival_simple_d, layout_basic, chequers_serial_rivers_room_b
D:2:      layout_basic
D:3:      layout_rooms, chequers_ecumenical_altar_lobes,
          minmay_misc_feat_plants, okawaru_ov_weapons_minmay

Skill      XL: |  1  2  3  4 |
---------------+-------------+-----
Fighting       | 4 |  4.7
Dodging        | 2 |  2.6
Armour         | 3 |  3.5
Maces & Flails | 4 |  4.3

Action                   |  1- 3 |  4- 6 || total
-------------------------+-------+-------++-------
Melee: Mace              |   135 |   102 ||   237
Invok: Berserk           |     1 |     3 ||     4
Armor: Animal skin       |     3 |       ||     3
       Scale mail        |    70 |    61 ||   131
       Acid dragon scale |       |    25 ||    25
Dodge: Dodged            |    90 |    77 ||   167

Table legend: (Time is in decaauts)
 A = Elapsed time spent in this place.
 B = Non-inter-level travel time spent in this place.
 C = Inter-level travel time spent in this place.
 D = Time resting spent in this place.
 E = Time spent auto-exploring this place.
 F = Levels seen in this place.
 G = Mean time per level.
                   A        B        C        D        E       F      G
               +--------+--------+--------+--------+--------+-----+--------+
         Total |   2642 |   2543 |     99 |    195 |   1813 |   3 |  880.7 |
       Dungeon |   2642 |   2543 |     99 |    195 |   1813 |   3 |  880.7 |
               +--------+--------+--------+--------+--------+-----+--------+

Top non-repeatable levels by time:
     D:1: 1109 daAuts
     D:2: 923 daAuts
     D:3: 609 daAuts
